 Dungeon Crawl Stone Soup version 0.18-a0-596-g6468885 (webtiles) character file.

3675 4thArraOfDagon the Carver (level 10, 0/92 HPs)
             Began as a Naga Berserker on Dec 3, 2015.
             Was a Priest of Trog.
             Killed from afar by a gargoyle (7 damage)
             ... with a stone arrow
             ... on level 12 of the Dungeon.
             The game lasted 00:14:41 (2719 turns).

4thArraOfDagon the Carver (Naga Berserker)          Turns: 2719, Time: 00:14:41

Health: 0/92       AC: 10    Str: 19    XL:     10   Next: 13%
Magic:  21/21      EV: 10    Int: 11    God:    Trog [***...]
Gold:   75         SH:  0    Dex: 11    Spells: 0 memorised, 9 levels left

rFire  . . .     SeeInvis +     o - +0 long sword
rCold  . . .     Clarity  .     j - +0 ring mail
rNeg   . . .     SustAt   .     (no shield)
rPois  +         Gourm    .     u - +2 helmet of Listlessness {MP+9}
rElec  .         Spirit   .     (no cloak)
rCorr  .         Dismiss  .     (no gloves)
rMut   .         Stasis   .     (no barding)
MR     +++..                    (no amulet)
Stlth  +.........               (no ring)
                                (no ring)

@: exhausted, regenerating, slowed, very slow, extremely resistant to hostile
enchantments, very unstealthy
A: see invisible, deformed body, poison resistance, slowness 2, slow metabolism
1, spit poison 2, AC +3
a: Spit Poison, Berserk, Trog's Hand, Burn Spellbooks, Renounce Religion


You were on level 12 of the Dungeon.
You worshipped Trog.
Trog was most pleased with you.
You were hungry.

You visited 1 branch of the dungeon, and saw 12 of its levels.

You collected 207 gold pieces.
You spent 132 gold pieces at shops.

Inventory:

Hand Weapons
 a - a +0 falchion
 o - a +0 long sword (weapon)
 s - a -2 scimitar
 v - a +0 battleaxe
 x - the +7 flail of the Three Nights {pain, rC+}
   (You found it on level 9 of the Dungeon)

   In the hands of one skilled in necromantic magic, it inflicts extra damage on
   living creatures.
   It protects you from cold.
Armour
 h - a +0 helmet
 j - a +0 ring mail (worn)
 r - a +0 plate armour
 u - the +2 helmet of Listlessness (worn) {MP+9}
   (You found it on level 7 of the Dungeon)

   It affects your magic capacity (+9).
 E - a troll hide
Magical Staves
 d - an uncursed staff of power {unknown}
Wands
 m - a wand of slowing (27)
 n - a wand of random effects (13)
 p - a wand of teleportation (9)
 A - a wand of slowing (20)
Scrolls
 q - a scroll of recharging
Potions
 e - a potion of heal wounds
 f - a potion of agility {unknown}
 i - 4 potions of curing
 k - a potion of cure mutation {unknown}
 l - a potion of lignification
 t - a potion of ambrosia {unknown}
 w - a potion of brilliance {unknown}
 B - a potion of haste
 G - a potion of flight {unknown}
Miscellaneous
 F - a fan of gales
Comestibles
 b - 2 fruits
 c - 4 bread rations
 g - 2 chunks of flesh
 z - a slice of pizza
 C - a meat ration
 D - a beef jerky


   Skills:
 + Level 6.9 Fighting
 * Level 9.4 Long Blades
 + Level 5.3 Armour
 + Level 5.2 Dodging
 + Level 3.0 Evocations


You had 9 spell levels left.
You didn't know any spells.

Dungeon Overview and Level Annotations

Branches:
Dungeon (12/15)
 Temple: D:4-7         Lair: D:8-11         Orc: D:9-12

Altars:
Cheibriados
Makhleb
The Shining One

Shops:
D:8 !


Innate Abilities, Weirdness & Mutations

You cannot wear boots.
Your serpentine skin is tough (AC +3).
You have supernaturally acute eyesight.
Armour fits poorly on your strangely shaped body.
Your system is resistant to poisons.
You cover ground very slowly.
You have a slow metabolism.
You can spit poison.


Message History

The gargoyle is almost destroyed.
You are no longer berserk.
You are exhausted.
You feel yourself slow down.
You are feeling hungry.
The gargoyle hits you with a morningstar!
* * * LOW HITPOINT WARNING * * *
Unknown command.
Drink which item? (? for menu, Esc to quit)
Okay, then.
Drink which item? (? for menu, Esc to quit)
You feel much better.
The gargoyle hits you but does no damage.
You writhe in agony.
* * * LOW HITPOINT WARNING * * *
The gargoyle hits you with a morningstar!
* * * LOW HITPOINT WARNING * * *
The gargoyle hurls a stone arrow at you.
The stone arrow hits you!
You die...

.# .# .#
.## .. #
.##.# #
###9...#
#. #.@9.#
#.##.#..#
#..<.#..#
##...#..#
.....#..#
#.##.##..#
#. #.. ..#
# ##. .##
.


You could see 2 gargoyles.

Vanquished Creatures
  An ugly thing (D:11)
  A troll (D:10)
  A wraith (D:11)
  5 yaks (D:11)
  2 deep elf magi
  A hippogriff (D:8)
  An ice beast (D:9)
  2 orc warriors
  A necrophage (D:9)
  A sky beast (D:9)
  An eye of draining (D:12)
  An ogre (D:9)
  A centaur (D:11)
  A wyvern zombie (D:9)
  A wyvern skeleton (D:11)
  3 crimson imps
  3 giant frog zombies
  3 jellies
  A centaur zombie (D:9)
  An orc wizard (D:8)
  2 giant frog skeletons
  2 iguanas
  6 hounds
  5 worker ants
  2 orc priests
  A hound skeleton (D:5)
  6 gnolls
  4 adders
  3 river rats (D:8)
  An ooze (D:1)
  8 orcs
  4 giant cockroaches
  6 goblins
  5 hobgoblins
  3 jackals (D:1)
  9 kobolds
  A quokka (D:3)
  12 bats
  7 giant newts
  8 rats
127 creatures vanquished.

Notes
Turn   | Place    | Note
--------------------------------------------------------------
     0 | D:1      | 4thArraOfDagon the Naga Berserker began the quest for the Orb.
     0 | D:1      | Reached XP level 1. HP: 21/21 MP: 1/1
     0 | D:1      | meh
    41 | D:1      | Reached XP level 2. HP: 8/28 MP: 2/2
   227 | D:1      | Reached XP level 3. HP: 23/34 MP: 3/3
   242 | D:1      | Reached ** piety under Trog
   269 | D:2      | Found a glowing golden altar of the Shining One.
   485 | D:3      | Found a snail-covered altar of Cheibriados.
   490 | D:3      | Reached XP level 4. HP: 42/42 MP: 4/4
   493 | D:3      | Reached skill level 4 in Long Blades
   826 | D:4      | Noticed a phantom
   864 | D:4      | Reached XP level 5. HP: 47/49 MP: 5/5
   949 | D:5      | Entered Level 5 of the Dungeon
   949 | D:5      | Found a burning altar of Makhleb.
   963 | D:5      | Reached XP level 6. HP: 53/57 MP: 6/6
   968 | D:5      | Reached *** piety under Trog
  1037 | D:5      | Reached skill level 5 in Long Blades
  1177 | D:6      | Reached XP level 7. HP: 44/64 MP: 7/7
  1317 | D:8      | uhhh
  1423 | D:8      | Reached skill level 6 in Long Blades
  1442 | D:8      | Noticed a hippogriff
  1455 | D:8      | Killed a hippogriff
  1462 | D:8      | Reached XP level 8. HP: 46/73 MP: 8/8
  1554 | D:8      | Reached skill level 5 in Fighting
  1648 | D:7      | Got a slimy helmet
  1659 | D:7      | Identified the +2 helmet of Listlessness {MP+9} (You found it on level 7 of the Dungeon)
  1779 | D:9      | Reached skill level 7 in Long Blades
  1912 | D:9      | Got an ancient flail
  1943 | D:9      | Identified the +7 flail of the Three Nights {pain, rC+} (You found it on level 9 of the Dungeon)
  1955 | D:8      | Found Xetolan's Distillery.
  1961 | D:8      | Bought a potion of haste for 110 gold pieces
  1961 | D:8      | Bought a potion of degeneration for 11 gold pieces
  1961 | D:8      | Bought a potion of poison for 11 gold pieces
  2055 | D:9      | Reached XP level 9. HP: 82/82 MP: 9/9
  2086 | D:9      | Reached **** piety under Trog
  2107 | D:10     | Entered Level 10 of the Dungeon
  2155 | D:10     | Reached skill level 8 in Long Blades
  2254 | D:11     | Reached skill level 1 in Evocations
  2271 | D:11     | Noticed a brown ugly thing
  2277 | D:11     | Killed a brown ugly thing
  2366 | D:11     | Noticed an eight-headed hydra
  2470 | D:11     | Reached skill level 5 in Armour
  2473 | D:11     | Reached skill level 5 in Dodging
  2477 | D:11     | Reached skill level 9 in Long Blades
  2483 | D:11     | Reached XP level 10. HP: 45/92 MP: 12/12
  2718 | D:12     | HP: 3/92 [gargoyle/morningstar (16)]
  2719 | D:12     | Killed from afar by a gargoyle

Vault maps used:
D:1:      lemuel_arrival_hallway
D:2:      tso_metal_star
D:3:      cheibriados_altar_wand_db, uniq_jessica
D:4:      kiku_gazebo_pond_becter, amethyst_overflow_temple_binary,
          uniq_menkaure, uniq_sigmund, uniq_edmund, uniq_duvessa,
          uniq_crazy_yiuf_cottage, uniq_robin, uniq_eustachio
D:5:      bloody_makhleb, minmay_temple_entry_glass, basic_altar, first_bread,
          hangedman_decor_peaks_small, st_stairs_7
D:6:      nicolae_ru_great_annihilating_truth
D:7:      kennysheep_housing_project, kennysheep_okawaru_gauntlet
D:8:      grunt_lair_entry_elf_guard_hut, serial_shops, shop,
          hangedman_tree_tricks, serial_bayou_pond_b, minmay_misc_feat_encased
D:10:     corner_web_ring, dk_yredelemnul_ordeal, uniq_psyche, uniq_snorg,
          uniq_erica
D:11:     uniq_grum
D:12:     orc_0_dummy, lab_entry_generic, hex_medium

Action                   |  1- 3 |  4- 6 |  7- 9 | 10-12 || total
-------------------------+-------+-------+-------+-------++-------
Melee: Falchion          |    71 |    73 |       |       ||   144
       Long sword        |       |    56 |   115 |    55 ||   226
       Scimitar          |       |       |   124 |       ||   124
Invok: Berserk           |     4 |     5 |    10 |     2 ||    21
       Trog's Hand       |       |     2 |     3 |     2 ||     7
       Burn Spellbooks   |       |       |     1 |       ||     1
 Abil: Spit Poison       |    19 |    11 |    16 |     1 ||    47
Evoke: Wand              |       |       |     1 |       ||     1
  Use: Scroll            |       |     4 |     4 |     1 ||     9
       Potion            |       |       |       |     1 ||     1
  Eat: Chunk             |     2 |    10 |    14 |     2 ||    28
       Royal jelly       |       |       |     1 |       ||     1
